Connexion

Wild vs Heat

Created - 19 avril 2024 at 05:50

Goals
1 2 3 OT1 T
Wild 3 3 1 1 8
Heat 4 3 0 0 7
Shots
1 2 3 OT1 T
Wild 9 12 29 2 52
Heat 10 19 3 3 35

GoalsPenalties
1st period
1. Heat , Nathan Smith 1 (Steven Oleksy 4, Mathieu Joseph 5) at 0:16
2. Wild , Anthony Louis 2 (Ben Gleason 2, Danick Martel 4) at 0:48
3. Heat , Cole Schneider 2 (Jesper Lindgren 1, Jordan Subban 1) at 0:58
4. Wild , Ben Thomas 1 (Jeremy Gregoire 4, Michael Mersch 2) at 4:49
5. Heat , Tyce Thompson 2 (Jordan Subban 2, Jesper Lindgren 2) at 7:57
6. Heat , Steven Oleksy 2 (Jacob Bryson 1) at 11:55 (PP)
7. Wild , Joseph Gambardella 1 (Ben Gleason 3, Tanner Pearson 2) at 15:04 (PP)
Michael Mersch (IOW) for Hooking (Minor) at 10:03
Steven Oleksy (STO) for Tripping (Minor) at 13:31
2nd period
8. Heat , Aidan McDonough 2 (Steven Oleksy 5, Jacob Bryson 2) at 3:43
9. Wild , Anthony Louis 3 (Danick Martel 5, Dillon Simpson 3) at 7:22
10. Heat , Aidan McDonough 3 (Tyce Thompson 2, Jordan Subban 3) at 8:35
11. Wild , Jeremy Gregoire 2 (Eemeli Rasanen 1) at 9:25
12. Wild , Connor Hobbs 3 (Jeremy Gregoire 5, Ben Gleason 4) at 16:23
13. Heat , Brett Leason 1 (Jordan Subban 4, Jan Jenik 1) at 19:03
Tanner Pearson (IOW) for Hooking (Minor) at 0:10
3rd period
14. Wild , Anthony Louis 4 (Connor Hobbs 1, Danick Martel 6) at 17:58 (PP)
Jesper Lindgren (STO) for Tripping (Minor) at 7:02
Steven Oleksy (STO) for Holding (Minor) at 10:01
Steven Oleksy (STO) for Hooking (Minor) at 17:15
Overtime #1
15. Wild , Tanner Pearson 8 (Jalen Chatfield 9) at 1:46
No Penalty
Goalie Stats
Shane Starrett (IOW), 27 saves from 30 shots - (0,900), W, 1-0-0, 49:52 minutes
Maxime Lagace (IOW), 1 saves from 5 shots - (0,200), 11:55 minutes
Matthew Galajda (STO), 44 saves from 52 shots - (0,846), OTL, 1-0-1, 61:47 minutes
3 StarsOfficial
1 - Anthony Louis (IOW)
2 - Jordan Subban (STO)
3 - Ben Gleason (IOW)
Referees : Kelly Sutherland and Chris Ciamaga
Linesman : Steve Miller and Pierre Champoux
Game Note
Shane Starrett enters game at 11:55 of 1st period
Anthony Louis has scored a Hat Trick!
Finance
Level 1 -- Attendance: 2000 (100,00%) -- Ticket Income $70,000
Level 2 -- Attendance: 1000 (100,00%) -- Ticket Income $15,000
Total Attendance: 3000 (100,00%)
Total Ticket Income: $85,000
Other Income: $17,000
Total Income: $102,000



Team Name Goals Shots Shots Attemp Shots Blocked PIM HIT PP PK FO%
Wild 85210674272 / 4 (50%)156%
Heat 73564178241 / 2 (50%)244%

Wild
Player Name POS G A P +/- PIM HIT SHT SB MP PP MP PP SHT PK MP PK SHT FO% FOT
Anders BjorkLW/RW0000005022:333:0122:07067% 3
Anthony LouisC/LW3030005020:253:1320:00050% 4
Antti SuomelaC000000000:280:0000:2800% 0
Ben GleasonD0331024121:453:0242:0400% 0
Ben ThomasD1010001014:460:0000:0000% 0
Connor HobbsD1121013021:453:0212:0400% 0
Danick MartelC/LW0330024021:343:1301:09060% 25
Dillon SimpsonD011-1032325:163:1211:4700% 0
Eemeli RasanenD0110021014:460:0000:0000% 0
Jalen ChatfieldD011-1031025:163:1211:4700% 0
Jeremy GregoireC/LW/RW1230004012:500:0000:00057% 14
Joseph GambardellaC/LW1010041122:063:0111:40062% 34
Kasper BjorkqvistLW/RW0000004014:040:0001:14020% 5
Lukas JasekC/RW000000104:150:0000:00050% 2
Michael MerschLW/RW0110241012:490:0000:0000% 0
Nikita JevpalovsLW/RW000001004:150:0000:0000% 0
Tanner PearsonLW11202210225:443:0121:04043% 7
Taylor RaddyshRW0000035020:253:1300:0000% 0
Heat
Player Name POS G A P +/- PIM HIT SHT SB MP PP MP PP SHT PK MP PK SHT FO% FOT
Aidan McDonoughLW2020007016:401:5900:0000% 1
Artur KayumovLW/RW000000105:280:0000:0300% 0
Brett LeasonRW1011013110:060:0000:000100% 1
Brinson PasichnukD000-2024420:551:3222:5900% 0
Cole SchneiderLW/RW1011002010:060:0000:0000% 0
Egor SokolovLW/RW000001315:570:0000:3200% 1
Greg McKeggC/LW/RW0000030021:021:5904:22042% 38
Jacob BrysonD022-1001326:122:1913:1500% 0
Jan JenikC/RW0111020014:570:0004:51042% 12
Jesper LindgrenD0223220315:070:0000:2800% 0
John Albert C000000106:450:0001:20040% 10
Jordan SubbanD0443000216:280:0001:4800% 0
Kevin GravelD000-2030120:551:3202:5900% 0
Kyle CriscuoloC/RW000-1012024:421:5201:2000% 1
Mathieu JosephLW/RW011-1013023:221:5210:0000% 0
Nathan SmithC101-1043023:221:5210:00052% 29
Steven OleksyD123-1631123:532:1910:5900% 0
Tyce ThompsonRW1120014116:401:5900:0000% 1



Play-by-Play

1st period


0:01 of 1st period - Nathan Smith wins face-off versus Joseph Gambardella in neutral zone.
0:04 of 1st period - Shot by Mathieu Joseph.
0:04 of 1st period - Shot Blocked by Dillon Simpson.
0:06 of 1st period - Shot by Jacob Bryson.
0:06 of 1st period - Shot Misses the Net.
0:08 of 1st period - Shot by Jacob Bryson.
0:08 of 1st period - Shot Misses the Net.
0:10 of 1st period - Shot by Mathieu Joseph.
0:10 of 1st period - Shot Misses the Net.
0:12 of 1st period - Shot by Steven Oleksy.
0:12 of 1st period - Shot Misses the Net.
0:14 of 1st period - Shot by Nathan Smith.
0:14 of 1st period - Shot Misses the Net.
0:16 of 1st period - Shot by Nathan Smith.
0:16 of 1st period - The goal is going for a video replay.
0:16 of 1st period - The goal is good.
0:16 of 1st period - Goal by Nathan Smith - Wild : 0 - Heat : 1.
0:17 of 1st period - Greg McKegg wins face-off versus Danick Martel in neutral zone.
0:27 of 1st period - Tyce Thompson is hit by Ben Gleason and loses puck.
0:48 of 1st period - Shot by Anthony Louis.
0:48 of 1st period - Goal by Anthony Louis - Wild : 1 - Heat : 1.
0:49 of 1st period - Jan Jenik wins face-off versus Jeremy Gregoire in neutral zone.
0:58 of 1st period - Shot by Cole Schneider.
0:58 of 1st period - Goal by Cole Schneider - Wild : 1 - Heat : 2.
0:59 of 1st period - Nathan Smith wins face-off versus Joseph Gambardella in neutral zone.
1:05 of 1st period - Mathieu Joseph is hit by Dillon Simpson and loses puck.
2:49 of 1st period - Shot by Egor Sokolov.
2:49 of 1st period - Shot Misses the Net.
3:38 of 1st period - Shot by Jalen Chatfield.
3:38 of 1st period - Deflect By Lukas Jasek.
3:38 of 1st period - Stopped by Matthew Galajda without a rebound.
3:39 of 1st period - Nathan Smith wins face-off versus Tanner Pearson in Heat zone.
4:47 of 1st period - Shot by Jeremy Gregoire.
4:47 of 1st period - Shot Misses the Net.
4:49 of 1st period - Shot by Ben Thomas.
4:49 of 1st period - Goal by Ben Thomas - Wild : 2 - Heat : 2.
4:50 of 1st period - Danick Martel wins face-off versus Jan Jenik in neutral zone.
4:53 of 1st period - Shot by Taylor Raddysh.
4:53 of 1st period - Stopped by Matthew Galajda without a rebound.
4:54 of 1st period - Danick Martel wins face-off versus Jan Jenik in Heat zone.
4:55 of 1st period - Shot by Anthony Louis.
4:55 of 1st period - Stopped by Matthew Galajda without a rebound.
4:56 of 1st period - Danick Martel wins face-off versus Tyce Thompson in Heat zone.
4:59 of 1st period - Shot by Anthony Louis.
4:59 of 1st period - Shot Misses the Net.
5:01 of 1st period - Shot by Ben Gleason.
5:01 of 1st period - Shot Blocked by Jacob Bryson.
5:09 of 1st period - Steven Oleksy is hit by Danick Martel and loses puck.
5:25 of 1st period - Off-side.
5:26 of 1st period - Nathan Smith wins face-off versus Lukas Jasek in neutral zone.
5:54 of 1st period - Mathieu Joseph is hit by Dillon Simpson and loses puck.
6:35 of 1st period - Shot by Danick Martel.
6:35 of 1st period - Shot Blocked by Brett Leason.
6:44 of 1st period - Cole Schneider is hit by Eemeli Rasanen and loses puck.
7:55 of 1st period - Shot by Tyce Thompson.
7:55 of 1st period - Shot Blocked by Ben Gleason.
7:57 of 1st period - Shot by Tyce Thompson.
7:57 of 1st period - Goal by Tyce Thompson - Wild : 2 - Heat : 3.
7:58 of 1st period - John Albert wins face-off versus Joseph Gambardella in neutral zone.
8:06 of 1st period - Dillon Simpson is hit by Brinson Pasichnuk and loses puck.
8:13 of 1st period - Shot by Egor Sokolov.
8:13 of 1st period - Shot Misses the Net.
8:51 of 1st period - Shot by Kyle Criscuolo.
8:51 of 1st period - Shot Misses the Net.
8:53 of 1st period - Shot by Mathieu Joseph.
8:53 of 1st period - Deflect By Kyle Criscuolo.
8:53 of 1st period - Shot Misses the Net.
9:45 of 1st period - Icing by Jordan Subban.
9:46 of 1st period - Nathan Smith wins face-off versus Jeremy Gregoire in Heat zone.
10:03 of 1st period - Minor Penalty to Michael Mersch for Hooking.
10:04 of 1st period - Greg McKegg wins face-off versus Tanner Pearson in Wild zone.
10:30 of 1st period - Off-side.
10:31 of 1st period - Tanner Pearson wins face-off versus Greg McKegg in neutral zone.
10:37 of 1st period - Icing by Greg McKegg.
10:38 of 1st period - Tanner Pearson wins face-off versus Greg McKegg in Heat zone.
11:28 of 1st period - Joseph Gambardella is hit by Nathan Smith and loses puck.
11:37 of 1st period - Shot by Nathan Smith.
11:37 of 1st period - Stopped by Maxime Lagace without a rebound.
11:38 of 1st period - Nathan Smith wins face-off versus Kasper Bjorkqvist in Wild zone.
11:55 of 1st period - Shot by Steven Oleksy.
11:55 of 1st period - Goal by Steven Oleksy - Wild : 2 - Heat : 4.
11:55 of 1st period - Shane Starrett enters game.
11:56 of 1st period - Danick Martel wins face-off versus Jan Jenik in neutral zone.
12:09 of 1st period - Shot by Danick Martel.
12:09 of 1st period - Deflect By Anthony Louis.
12:09 of 1st period - Shot Misses the Net.
12:22 of 1st period - Icing by Ben Thomas.
12:23 of 1st period - Danick Martel wins face-off versus Greg McKegg in Wild zone.
12:32 of 1st period - Shot by Taylor Raddysh.
12:32 of 1st period - Stopped by Matthew Galajda without a rebound.
12:33 of 1st period - Nathan Smith wins face-off versus Joseph Gambardella in Heat zone.
12:33 of 1st period - Nathan Smith is hit by Joseph Gambardella.
13:12 of 1st period - Shot by Mathieu Joseph.
13:12 of 1st period - Stopped by Shane Starrett without a rebound.
13:13 of 1st period - Jeremy Gregoire wins face-off versus Greg McKegg in Wild zone.
13:31 of 1st period - Minor Penalty to Steven Oleksy for Tripping.
13:32 of 1st period - Jan Jenik wins face-off versus Danick Martel in Heat zone.
13:37 of 1st period - Anthony Louis is hit by Greg McKegg and loses puck.
14:38 of 1st period - Icing by Ben Gleason.
14:39 of 1st period - Greg McKegg wins face-off versus Joseph Gambardella in Wild zone.
15:04 of 1st period - Shot by Joseph Gambardella.
15:04 of 1st period - Goal by Joseph Gambardella - Wild : 3 - Heat : 4.
15:05 of 1st period - Nathan Smith wins face-off versus Jeremy Gregoire in neutral zone.
15:12 of 1st period - Shot by Mathieu Joseph.
15:12 of 1st period - Shot Misses the Net.
15:14 of 1st period - Shot by Mathieu Joseph.
15:14 of 1st period - Shot Misses the Net.
15:20 of 1st period - Shot by Brinson Pasichnuk.
15:20 of 1st period - Stopped by Shane Starrett without a rebound.
15:21 of 1st period - John Albert wins face-off versus Danick Martel in Wild zone.
15:22 of 1st period - Shot by Egor Sokolov.
15:22 of 1st period - Shot Misses the Net.
15:24 of 1st period - Shot by Artur Kayumov.
15:24 of 1st period - Stopped by Shane Starrett without a rebound.
15:25 of 1st period - Greg McKegg wins face-off versus Joseph Gambardella in Wild zone.
15:26 of 1st period - Shot by Aidan McDonough.
15:26 of 1st period - Shot Misses the Net.
15:34 of 1st period - Shot by Anders Bjork.
15:34 of 1st period - Stopped by Matthew Galajda without a rebound.
15:35 of 1st period - Nathan Smith wins face-off versus Tanner Pearson in Heat zone.
15:35 of 1st period - Nathan Smith is hit by Joseph Gambardella.
15:45 of 1st period - Shot by Kyle Criscuolo.
15:45 of 1st period - Stopped by Shane Starrett with a rebound.
15:47 of 1st period - Shot by Nathan Smith.
15:47 of 1st period - Deflect By Mathieu Joseph.
15:47 of 1st period - Stopped by Shane Starrett with a rebound.
15:49 of 1st period - Shot by Steven Oleksy.
15:49 of 1st period - Shot Blocked by Joseph Gambardella.
17:36 of 1st period - Danick Martel is hit by Jan Jenik.
17:58 of 1st period - Shot by Kasper Bjorkqvist.
17:58 of 1st period - Shot Misses the Net.
18:00 of 1st period - Shot by Michael Mersch.
18:00 of 1st period - Deflect By Kasper Bjorkqvist.
18:00 of 1st period - Shot Misses the Net.
18:02 of 1st period - Shot by Kasper Bjorkqvist.
18:02 of 1st period - Shot Misses the Net.
18:10 of 1st period - Shot by Kasper Bjorkqvist.
18:10 of 1st period - Stopped by Matthew Galajda without a rebound.
18:11 of 1st period - Lukas Jasek wins face-off versus Nathan Smith in Heat zone.
18:12 of 1st period - Shot by Tanner Pearson.
18:12 of 1st period - Shot Blocked by Jacob Bryson.
18:14 of 1st period - Shot by Tanner Pearson.
18:14 of 1st period - Shot Misses the Net.
18:16 of 1st period - Shot by Nikita Jevpalovs.
18:16 of 1st period - Shot Misses the Net.
18:51 of 1st period - Lukas Jasek is hit by Mathieu Joseph and loses puck.
19:24 of 1st period - Off-side.
19:25 of 1st period - Greg McKegg wins face-off versus Danick Martel in neutral zone.
19:33 of 1st period - Taylor Raddysh is hit by Kevin Gravel and loses puck.
19:47 of 1st period - Greg McKegg is hit by Jalen Chatfield and loses puck.
Goals for this period are 3 for Wild vs 4 for Heat .
Shots for this period are 9 for Wild vs 10 for Heat .

2nd period


0:01 of 2nd period - Joseph Gambardella wins face-off versus Aidan McDonough in neutral zone.
0:01 of 2nd period - Joseph Gambardella is hit by Greg McKegg.
0:09 of 2nd period - Shot by Joseph Gambardella.
0:09 of 2nd period - Deflect By Tanner Pearson.
0:09 of 2nd period - Shot Misses the Net.
0:10 of 2nd period - Minor Penalty to Tanner Pearson for Hooking.
0:11 of 2nd period - Kasper Bjorkqvist wins face-off versus Nathan Smith in Wild zone.
1:20 of 2nd period - Shot by Kevin Gravel.
1:20 of 2nd period - Shot Misses the Net.
1:58 of 2nd period - Shot by Jacob Bryson.
1:58 of 2nd period - Stopped by Shane Starrett with a rebound.
2:00 of 2nd period - Shot by Steven Oleksy.
2:00 of 2nd period - Shot Misses the Net.
2:02 of 2nd period - Shot by Mathieu Joseph.
2:02 of 2nd period - Stopped by Shane Starrett without a rebound.
2:03 of 2nd period - Greg McKegg wins face-off versus Kasper Bjorkqvist in Wild zone.
2:04 of 2nd period - Shot by Brinson Pasichnuk.
2:04 of 2nd period - Stopped by Shane Starrett with a rebound.
2:06 of 2nd period - Shot by Brinson Pasichnuk.
2:06 of 2nd period - Stopped by Shane Starrett without a rebound.
2:07 of 2nd period - Nathan Smith wins face-off versus Kasper Bjorkqvist in Wild zone.
2:10 of 2nd period - Shot by Kyle Criscuolo.
2:10 of 2nd period - Stopped by Shane Starrett with a rebound.
3:04 of 2nd period - Shot by Anthony Louis.
3:04 of 2nd period - Shot Blocked by Jesper Lindgren.
3:06 of 2nd period - Shot by Anthony Louis.
3:06 of 2nd period - Shot Blocked by Jordan Subban.
3:43 of 2nd period - Shot by Aidan McDonough.
3:43 of 2nd period - Goal by Aidan McDonough - Wild : 3 - Heat : 5.
3:44 of 2nd period - Nathan Smith wins face-off versus Jeremy Gregoire in neutral zone.
3:44 of 2nd period - Nathan Smith is hit by Michael Mersch.
3:58 of 2nd period - Shot by Nathan Smith.
3:58 of 2nd period - Stopped by Shane Starrett without a rebound.
3:59 of 2nd period - Greg McKegg wins face-off versus Joseph Gambardella in Wild zone.
4:06 of 2nd period - Shot by Aidan McDonough.
4:06 of 2nd period - Shot Misses the Net.
4:59 of 2nd period - Kasper Bjorkqvist is hit by Kevin Gravel and loses puck.
5:55 of 2nd period - Icing by Jesper Lindgren.
5:56 of 2nd period - John Albert wins face-off versus Danick Martel in Heat zone.
6:12 of 2nd period - Shot by Danick Martel.
6:12 of 2nd period - Stopped by Matthew Galajda without a rebound.
6:13 of 2nd period - Jan Jenik wins face-off versus Joseph Gambardella in Heat zone.
6:43 of 2nd period - Shot by Anders Bjork.
6:43 of 2nd period - Shot Misses the Net.
6:45 of 2nd period - Shot by Tanner Pearson.
6:45 of 2nd period - Deflect By Anders Bjork.
6:45 of 2nd period - Stopped by Matthew Galajda with a rebound.
7:02 of 2nd period - Icing by Jacob Bryson.
7:03 of 2nd period - Danick Martel wins face-off versus Jan Jenik in Heat zone.
7:16 of 2nd period - Shot by Danick Martel.
7:16 of 2nd period - Stopped by Matthew Galajda with a rebound.
7:18 of 2nd period - Shot by Anthony Louis.
7:18 of 2nd period - Deflect By Danick Martel.
7:18 of 2nd period - Stopped by Matthew Galajda with a rebound.
7:20 of 2nd period - Shot by Danick Martel.
7:20 of 2nd period - Shot Misses the Net.
7:22 of 2nd period - Shot by Anthony Louis.
7:22 of 2nd period - Goal by Anthony Louis - Wild : 4 - Heat : 5.
7:23 of 2nd period - Jeremy Gregoire wins face-off versus Nathan Smith in neutral zone.
7:25 of 2nd period - Ben Gleason is hit by Brinson Pasichnuk and loses puck.
7:33 of 2nd period - Icing by Kevin Gravel.
7:34 of 2nd period - Nathan Smith wins face-off versus Anthony Louis in Heat zone.
7:39 of 2nd period - Dillon Simpson is hit by Nathan Smith and loses puck.
8:12 of 2nd period - Shot by Mathieu Joseph.
8:12 of 2nd period - Shot Blocked by Dillon Simpson.
8:22 of 2nd period - Jordan Subban is hit by Taylor Raddysh and loses puck.
8:35 of 2nd period - Shot by Aidan McDonough.
8:35 of 2nd period - Goal by Aidan McDonough - Wild : 4 - Heat : 6.
8:36 of 2nd period - Joseph Gambardella wins face-off versus John Albert in neutral zone.
8:59 of 2nd period - Shot by Egor Sokolov.
8:59 of 2nd period - Stopped by Shane Starrett with a rebound.
9:01 of 2nd period - Shot by Artur Kayumov.
9:01 of 2nd period - Shot Misses the Net.
9:03 of 2nd period - Shot by John Albert .
9:03 of 2nd period - Stopped by Shane Starrett without a rebound.
9:04 of 2nd period - Jeremy Gregoire wins face-off versus Greg McKegg in Wild zone.
9:25 of 2nd period - Shot by Jeremy Gregoire.
9:25 of 2nd period - Goal by Jeremy Gregoire - Wild : 5 - Heat : 6.
9:26 of 2nd period - Joseph Gambardella wins face-off versus Nathan Smith in neutral zone.
9:35 of 2nd period - Nathan Smith is hit by Tanner Pearson and loses puck.
9:52 of 2nd period - Shot by Tanner Pearson.
9:52 of 2nd period - Stopped by Matthew Galajda without a rebound.
9:53 of 2nd period - Danick Martel wins face-off versus Greg McKegg in Heat zone.
9:54 of 2nd period - Shot by Anthony Louis.
9:54 of 2nd period - Shot Misses the Net.
9:57 of 2nd period - Icing by Jacob Bryson.
9:58 of 2nd period - Greg McKegg wins face-off versus Danick Martel in Heat zone.
9:58 of 2nd period - Greg McKegg is hit by Danick Martel.
10:03 of 2nd period - Aidan McDonough is hit by Dillon Simpson and loses puck.
10:26 of 2nd period - Shot by Anthony Louis.
10:26 of 2nd period - Shot Blocked by Tyce Thompson.
11:40 of 2nd period - Kasper Bjorkqvist is hit by Nathan Smith and loses puck.
11:57 of 2nd period - Shot by Jeremy Gregoire.
11:57 of 2nd period - Stopped by Matthew Galajda without a rebound.
11:58 of 2nd period - Jan Jenik wins face-off versus Danick Martel in Heat zone.
12:09 of 2nd period - Danick Martel is hit by Brett Leason and loses puck.
12:30 of 2nd period - Shot by Brett Leason.
12:30 of 2nd period - Stopped by Shane Starrett with a rebound.
12:32 of 2nd period - Shot by Cole Schneider.
12:32 of 2nd period - Stopped by Shane Starrett with a rebound.
12:39 of 2nd period - Off-side.
12:40 of 2nd period - Greg McKegg wins face-off versus Joseph Gambardella in neutral zone.
12:59 of 2nd period - Shot by Steven Oleksy.
12:59 of 2nd period - Shot Misses the Net.
13:01 of 2nd period - Shot by Aidan McDonough.
13:01 of 2nd period - Stopped by Shane Starrett without a rebound.
13:02 of 2nd period - Jeremy Gregoire wins face-off versus Nathan Smith in Wild zone.
13:02 of 2nd period - Jeremy Gregoire is hit by Nathan Smith.
13:34 of 2nd period - Shot by Kasper Bjorkqvist.
13:34 of 2nd period - Stopped by Matthew Galajda with a rebound.
13:36 of 2nd period - Shot by Michael Mersch.
13:36 of 2nd period - Shot Misses the Net.
13:59 of 2nd period - Icing by Tanner Pearson.
14:00 of 2nd period - Tanner Pearson wins face-off versus Greg McKegg in Wild zone.
14:31 of 2nd period - Shot by Aidan McDonough.
14:31 of 2nd period - Shot Misses the Net.
14:33 of 2nd period - Shot by Tyce Thompson.
14:33 of 2nd period - Stopped by Shane Starrett with a rebound.
14:35 of 2nd period - Shot by Aidan McDonough.
14:35 of 2nd period - Shot Blocked by Tanner Pearson.
14:39 of 2nd period - Shot by Aidan McDonough.
14:39 of 2nd period - Stopped by Shane Starrett with a rebound.
14:41 of 2nd period - Shot by Tyce Thompson.
14:41 of 2nd period - Stopped by Shane Starrett without a rebound.
14:42 of 2nd period - Danick Martel wins face-off versus John Albert in Wild zone.
14:42 of 2nd period - Danick Martel is hit by Egor Sokolov.
14:57 of 2nd period - Shot by Danick Martel.
14:57 of 2nd period - Shot Misses the Net.
15:17 of 2nd period - Shot by Egor Sokolov.
15:17 of 2nd period - Shot Misses the Net.
15:53 of 2nd period - Shot by Brinson Pasichnuk.
15:53 of 2nd period - Stopped by Shane Starrett with a rebound.
16:06 of 2nd period - Michael Mersch is hit by Kevin Gravel and loses puck.
16:21 of 2nd period - Shot by Jeremy Gregoire.
16:21 of 2nd period - Shot Misses the Net.
16:23 of 2nd period - Shot by Connor Hobbs.
16:23 of 2nd period - Goal by Connor Hobbs - Wild : 6 - Heat : 6.
16:24 of 2nd period - Greg McKegg wins face-off versus Joseph Gambardella in neutral zone.
16:24 of 2nd period - Greg McKegg is hit by Joseph Gambardella.
16:30 of 2nd period - Shot by Aidan McDonough.
16:30 of 2nd period - Stopped by Shane Starrett without a rebound.
16:31 of 2nd period - Joseph Gambardella wins face-off versus Greg McKegg in Wild zone.
16:43 of 2nd period - Icing by Jacob Bryson.
16:44 of 2nd period - Jeremy Gregoire wins face-off versus Greg McKegg in Heat zone.
16:45 of 2nd period - Shot by Kasper Bjorkqvist.
16:45 of 2nd period - Stopped by Matthew Galajda without a rebound.
16:46 of 2nd period - Greg McKegg wins face-off versus Joseph Gambardella in Heat zone.
16:48 of 2nd period - Icing by Aidan McDonough.
16:49 of 2nd period - Joseph Gambardella wins face-off versus Greg McKegg in Heat zone.
16:52 of 2nd period - Shot by Tanner Pearson.
16:52 of 2nd period - Stopped by Matthew Galajda with a rebound.
16:59 of 2nd period - Off-side.
17:00 of 2nd period - Danick Martel wins face-off versus Nathan Smith in neutral zone.
17:03 of 2nd period - Nathan Smith is hit by Taylor Raddysh and loses puck.
17:26 of 2nd period - Kyle Criscuolo is hit by Taylor Raddysh and loses puck.
17:56 of 2nd period - Icing by Steven Oleksy.
17:57 of 2nd period - Greg McKegg wins face-off versus Tanner Pearson in Heat zone.
18:23 of 2nd period - Icing by Tanner Pearson.
18:24 of 2nd period - Joseph Gambardella wins face-off versus Jan Jenik in Wild zone.
18:28 of 2nd period - Jordan Subban is hit by Jalen Chatfield and loses puck.
18:47 of 2nd period - Shot by Anders Bjork.
18:47 of 2nd period - Shot Misses the Net.
19:03 of 2nd period - Shot by Brett Leason.
19:03 of 2nd period - Goal by Brett Leason - Wild : 6 - Heat : 7.
19:04 of 2nd period - Nathan Smith wins face-off versus Danick Martel in neutral zone.
19:17 of 2nd period - Shot by Anthony Louis.
19:17 of 2nd period - Shot Misses the Net.
Goals for this period are 3 for Wild vs 3 for Heat .
Shots for this period are 12 for Wild vs 19 for Heat .

3rd period


0:01 of 3rd period - Joseph Gambardella wins face-off versus Nathan Smith in neutral zone.
0:04 of 3rd period - Shot by Tanner Pearson.
0:04 of 3rd period - Deflect By Anders Bjork.
0:04 of 3rd period - Shot Misses the Net.
0:36 of 3rd period - Icing by Jalen Chatfield.
0:37 of 3rd period - Greg McKegg wins face-off versus Anders Bjork in Wild zone.
0:44 of 3rd period - Shot by Aidan McDonough.
0:44 of 3rd period - Shot Misses the Net.
0:48 of 3rd period - Shot by Aidan McDonough.
0:48 of 3rd period - Stopped by Shane Starrett without a rebound.
0:49 of 3rd period - Jeremy Gregoire wins face-off versus Jan Jenik in Wild zone.
0:49 of 3rd period - Jeremy Gregoire is hit by Jan Jenik.
1:16 of 3rd period - Icing by Ben Gleason.
1:17 of 3rd period - Nathan Smith wins face-off versus Jeremy Gregoire in Wild zone.
1:47 of 3rd period - Nathan Smith is hit by Jalen Chatfield and loses puck.
1:54 of 3rd period - Shot by Nathan Smith.
1:54 of 3rd period - Deflect By Kyle Criscuolo.
1:54 of 3rd period - Shot Blocked by Tanner Pearson.
2:07 of 3rd period - Icing by Steven Oleksy.
2:08 of 3rd period - Danick Martel wins face-off versus Nathan Smith in Heat zone.
2:17 of 3rd period - Shot by Anthony Louis.
2:17 of 3rd period - Shot Misses the Net.
2:19 of 3rd period - Shot by Anthony Louis.
2:19 of 3rd period - Deflect By Danick Martel.
2:19 of 3rd period - Shot Blocked by Steven Oleksy.
2:39 of 3rd period - Shot by Anthony Louis.
2:39 of 3rd period - Shot Misses the Net.
2:41 of 3rd period - Shot by Taylor Raddysh.
2:41 of 3rd period - Stopped by Matthew Galajda without a rebound.
2:42 of 3rd period - Joseph Gambardella wins face-off versus Greg McKegg in Heat zone.
2:59 of 3rd period - Kevin Gravel is hit by Tanner Pearson and loses puck.
3:05 of 3rd period - Icing by Tyce Thompson.
3:06 of 3rd period - Greg McKegg wins face-off versus Kasper Bjorkqvist in Heat zone.
3:06 of 3rd period - Greg McKegg is hit by Michael Mersch.
4:08 of 3rd period - Shot by Egor Sokolov.
4:08 of 3rd period - Stopped by Shane Starrett without a rebound.
4:09 of 3rd period - Jan Jenik wins face-off versus Danick Martel in Wild zone.
4:09 of 3rd period - Cole Schneider is hit by Eemeli Rasanen and loses puck.
4:19 of 3rd period - Danick Martel is hit by Steven Oleksy and loses puck.
4:22 of 3rd period - Shot by Anthony Louis.
4:22 of 3rd period - Shot Misses the Net.
4:24 of 3rd period - Shot by Danick Martel.
4:24 of 3rd period - Deflect By Anthony Louis.
4:24 of 3rd period - Shot Misses the Net.
4:26 of 3rd period - Shot by Eemeli Rasanen.
4:26 of 3rd period - Stopped by Matthew Galajda without a rebound.
4:27 of 3rd period - Joseph Gambardella wins face-off versus Nathan Smith in Heat zone.
5:02 of 3rd period - Shot by Tanner Pearson.
5:02 of 3rd period - Stopped by Matthew Galajda without a rebound.
5:03 of 3rd period - Danick Martel wins face-off versus Greg McKegg in Heat zone.
5:26 of 3rd period - Aidan McDonough is hit by Connor Hobbs and loses puck.
6:21 of 3rd period - Shot by Tanner Pearson.
6:21 of 3rd period - Stopped by Matthew Galajda without a rebound.
6:22 of 3rd period - Jeremy Gregoire wins face-off versus Nathan Smith in Heat zone.
6:22 of 3rd period - Kasper Bjorkqvist is hit by Jesper Lindgren and loses puck.
6:56 of 3rd period - Kasper Bjorkqvist is hit by Jesper Lindgren and loses puck.
7:02 of 3rd period - Minor Penalty to Jesper Lindgren for Tripping.
7:03 of 3rd period - Joseph Gambardella wins face-off versus Greg McKegg in Heat zone.
7:04 of 3rd period - Shot by Ben Gleason.
7:04 of 3rd period - Stopped by Matthew Galajda without a rebound.
7:05 of 3rd period - Joseph Gambardella wins face-off versus Greg McKegg in Heat zone.
8:12 of 3rd period - Shot by Taylor Raddysh.
8:12 of 3rd period - Shot Misses the Net.
8:14 of 3rd period - Shot by Taylor Raddysh.
8:14 of 3rd period - Deflect By Anthony Louis.
8:14 of 3rd period - Shot Misses the Net.
8:16 of 3rd period - Shot by Jalen Chatfield.
8:16 of 3rd period - Stopped by Matthew Galajda without a rebound.
8:17 of 3rd period - Anthony Louis wins face-off versus Greg McKegg in Heat zone.
9:00 of 3rd period - Shot by Ben Gleason.
9:00 of 3rd period - Stopped by Matthew Galajda without a rebound.
9:01 of 3rd period - Joseph Gambardella wins face-off versus John Albert in Heat zone.
9:08 of 3rd period - Shot by Jeremy Gregoire.
9:08 of 3rd period - Shot Misses the Net.
9:10 of 3rd period - Shot by Jeremy Gregoire.
9:10 of 3rd period - Stopped by Matthew Galajda with a rebound.
9:12 of 3rd period - Shot by Kasper Bjorkqvist.
9:12 of 3rd period - Shot Misses the Net.
9:26 of 3rd period - Shot by Michael Mersch.
9:26 of 3rd period - Shot Blocked by Jordan Subban.
9:28 of 3rd period - Shot by Kasper Bjorkqvist.
9:28 of 3rd period - Stopped by Matthew Galajda without a rebound.
9:29 of 3rd period - Joseph Gambardella wins face-off versus John Albert in Heat zone.
9:29 of 3rd period - Connor Hobbs is hit by Steven Oleksy and loses puck.
9:37 of 3rd period - Icing by Steven Oleksy.
9:38 of 3rd period - John Albert wins face-off versus Joseph Gambardella in Heat zone.
9:55 of 3rd period - Anders Bjork is hit by Steven Oleksy and loses puck.
10:01 of 3rd period - Minor Penalty to Steven Oleksy for Holding.
10:02 of 3rd period - Danick Martel wins face-off versus Greg McKegg in Heat zone.
10:07 of 3rd period - Shot by Jalen Chatfield.
10:07 of 3rd period - Deflect By Anthony Louis.
10:07 of 3rd period - Stopped by Matthew Galajda with a rebound.
10:21 of 3rd period - Shot by Anthony Louis.
10:21 of 3rd period - Shot Misses the Net.
10:37 of 3rd period - Shot by Dillon Simpson.
10:37 of 3rd period - Stopped by Matthew Galajda with a rebound.
10:39 of 3rd period - Shot by Danick Martel.
10:39 of 3rd period - Shot Blocked by Brinson Pasichnuk.
10:41 of 3rd period - Shot by Jalen Chatfield.
10:41 of 3rd period - Shot Blocked by Brinson Pasichnuk.
10:57 of 3rd period - Shot by Ben Gleason.
10:57 of 3rd period - Shot Misses the Net.
10:59 of 3rd period - Shot by Ben Gleason.
10:59 of 3rd period - Stopped by Matthew Galajda with a rebound.
11:12 of 3rd period - Shot by Anders Bjork.
11:12 of 3rd period - Stopped by Matthew Galajda without a rebound.
11:13 of 3rd period - Joseph Gambardella wins face-off versus John Albert in Heat zone.
11:39 of 3rd period - Icing by Anders Bjork.
11:40 of 3rd period - Joseph Gambardella wins face-off versus Egor Sokolov in Wild zone.
11:46 of 3rd period - Icing by Connor Hobbs.
11:47 of 3rd period - Joseph Gambardella wins face-off versus Kyle Criscuolo in Wild zone.
11:47 of 3rd period - Joseph Gambardella is hit by Kyle Criscuolo.
11:53 of 3rd period - Shot by Ben Gleason.
11:53 of 3rd period - Stopped by Matthew Galajda without a rebound.
11:54 of 3rd period - Greg McKegg wins face-off versus Danick Martel in Heat zone.
12:03 of 3rd period - Jacob Bryson is hit by Michael Mersch and loses puck.
12:10 of 3rd period - Shot by Kasper Bjorkqvist.
12:10 of 3rd period - Deflect By Jeremy Gregoire.
12:10 of 3rd period - Stopped by Matthew Galajda without a rebound.
12:11 of 3rd period - Anthony Louis wins face-off versus John Albert in Heat zone.
12:12 of 3rd period - Shot by Taylor Raddysh.
12:12 of 3rd period - Stopped by Matthew Galajda with a rebound.
12:22 of 3rd period - Shot by Brinson Pasichnuk.
12:22 of 3rd period - Shot Blocked by Dillon Simpson.
12:24 of 3rd period - Shot by Egor Sokolov.
12:24 of 3rd period - Stopped by Shane Starrett without a rebound.
12:25 of 3rd period - Joseph Gambardella wins face-off versus Nathan Smith in Wild zone.
12:38 of 3rd period - Shot by Tanner Pearson.
12:38 of 3rd period - Shot Blocked by Jesper Lindgren.
13:04 of 3rd period - Shot by Joseph Gambardella.
13:04 of 3rd period - Shot Misses the Net.
13:06 of 3rd period - Shot by Tanner Pearson.
13:06 of 3rd period - Shot Blocked by Jesper Lindgren.
14:11 of 3rd period - Michael Mersch is hit by Tyce Thompson and loses puck.
15:14 of 3rd period - Jan Jenik is hit by Nikita Jevpalovs and loses puck.
16:12 of 3rd period - Shot by Anthony Louis.
16:12 of 3rd period - Shot Blocked by Egor Sokolov.
16:24 of 3rd period - Shot by Danick Martel.
16:24 of 3rd period - Shot Misses the Net.
16:26 of 3rd period - Shot by Dillon Simpson.
16:26 of 3rd period - Stopped by Matthew Galajda without a rebound.
16:27 of 3rd period - Nathan Smith wins face-off versus Jeremy Gregoire in Heat zone.
16:27 of 3rd period - Nathan Smith is hit by Michael Mersch.
16:58 of 3rd period - Shot by Michael Mersch.
16:58 of 3rd period - Stopped by Matthew Galajda without a rebound.
16:59 of 3rd period - Joseph Gambardella wins face-off versus Jan Jenik in Heat zone.
17:10 of 3rd period - Shot by Tanner Pearson.
17:10 of 3rd period - Stopped by Matthew Galajda with a rebound.
17:15 of 3rd period - Minor Penalty to Steven Oleksy for Hooking.
17:16 of 3rd period - Greg McKegg wins face-off versus Anthony Louis in Heat zone.
17:29 of 3rd period - Shot by Connor Hobbs.
17:29 of 3rd period - Shot Misses the Net.
17:31 of 3rd period - Shot by Connor Hobbs.
17:31 of 3rd period - Stopped by Matthew Galajda without a rebound.
17:32 of 3rd period - Joseph Gambardella wins face-off versus Greg McKegg in Heat zone.
17:37 of 3rd period - Shot by Dillon Simpson.
17:37 of 3rd period - Shot Misses the Net.
17:39 of 3rd period - Shot by Tanner Pearson.
17:39 of 3rd period - Stopped by Matthew Galajda without a rebound.
17:40 of 3rd period - Anders Bjork wins face-off versus Greg McKegg in Heat zone.
17:43 of 3rd period - Shot by Anders Bjork.
17:43 of 3rd period - Stopped by Matthew Galajda with a rebound.
17:45 of 3rd period - Shot by Anders Bjork.
17:45 of 3rd period - Shot Blocked by Kevin Gravel.
17:52 of 3rd period - Shot by Tanner Pearson.
17:52 of 3rd period - Stopped by Matthew Galajda without a rebound.
17:53 of 3rd period - Danick Martel wins face-off versus Greg McKegg in Heat zone.
17:54 of 3rd period - Shot by Connor Hobbs.
17:54 of 3rd period - Shot Misses the Net.
17:56 of 3rd period - Shot by Connor Hobbs.
17:56 of 3rd period - Shot Blocked by Jacob Bryson.
17:58 of 3rd period - Shot by Anthony Louis.
17:58 of 3rd period - Goal by Anthony Louis - Wild : 7 - Heat : 7.
17:59 of 3rd period - Joseph Gambardella wins face-off versus Nathan Smith in neutral zone.
18:14 of 3rd period - Shot by Tanner Pearson.
18:14 of 3rd period - Stopped by Matthew Galajda with a rebound.
18:22 of 3rd period - Shot by Tanner Pearson.
18:22 of 3rd period - Stopped by Matthew Galajda with a rebound.
18:24 of 3rd period - Shot by Anders Bjork.
18:24 of 3rd period - Shot Misses the Net.
18:26 of 3rd period - Shot by Joseph Gambardella.
18:26 of 3rd period - Shot Blocked by Brinson Pasichnuk.
18:32 of 3rd period - Shot by Anders Bjork.
18:32 of 3rd period - Stopped by Matthew Galajda with a rebound.
18:34 of 3rd period - Shot by Dillon Simpson.
18:34 of 3rd period - Shot Misses the Net.
18:51 of 3rd period - Nathan Smith is hit by Ben Gleason and loses puck.
19:13 of 3rd period - Shot by Connor Hobbs.
19:13 of 3rd period - Stopped by Matthew Galajda with a rebound.
19:15 of 3rd period - Shot by Ben Gleason.
19:15 of 3rd period - Shot Blocked by Brinson Pasichnuk.
19:17 of 3rd period - Shot by Anthony Louis.
19:17 of 3rd period - Shot Misses the Net.
19:19 of 3rd period - Shot by Danick Martel.
19:19 of 3rd period - Stopped by Matthew Galajda without a rebound.
19:20 of 3rd period - Jeremy Gregoire wins face-off versus Greg McKegg in Heat zone.
19:49 of 3rd period - Shot by Jeremy Gregoire.
19:49 of 3rd period - Shot Misses the Net.
Goals for this period are 1 for Wild vs 0 for Heat .
Shots for this period are 29 for Wild vs 3 for Heat .

Overtime #1


0:01 of 1st overtime period - Anders Bjork wins face-off versus Greg McKegg in neutral zone.
0:26 of 1st overtime period - Shot by Aidan McDonough.
0:26 of 1st overtime period - Stopped by Shane Starrett without a rebound.
0:27 of 1st overtime period - Danick Martel wins face-off versus Nathan Smith in Wild zone.
0:46 of 1st overtime period - Shot by Anthony Louis.
0:46 of 1st overtime period - Deflect By Taylor Raddysh.
0:46 of 1st overtime period - Stopped by Matthew Galajda without a rebound.
0:47 of 1st overtime period - Brett Leason wins face-off versus Joseph Gambardella in Heat zone.
0:47 of 1st overtime period - Brett Leason is hit by Joseph Gambardella.
0:57 of 1st overtime period - Shot by Jan Jenik.
0:57 of 1st overtime period - Shot Misses the Net.
1:05 of 1st overtime period - Shot by Brett Leason.
1:05 of 1st overtime period - Stopped by Shane Starrett without a rebound.
1:06 of 1st overtime period - Danick Martel wins face-off versus Greg McKegg in Wild zone.
1:06 of 1st overtime period - Danick Martel is hit by Greg McKegg.
1:24 of 1st overtime period - Shot by Tyce Thompson.
1:24 of 1st overtime period - Stopped by Shane Starrett without a rebound.
1:25 of 1st overtime period - Joseph Gambardella wins face-off versus Nathan Smith in Wild zone.
1:46 of 1st overtime period - Shot by Tanner Pearson.
1:46 of 1st overtime period - Goal by Tanner Pearson - Wild : 8 - Heat : 7.
Goals for this period are 1 for Wild vs 0 for Heat .
Shots for this period are 2 for Wild vs 3 for Heat .